AoeStats
← Long John Silver

MegaRandom

508656892Analyzed
3v3 RM · 8d ago on Sep 23, 2026· 48m 23s· 6 players
Game mode
Random Map
Map size
Normal (6 player)
Population
200
Speed
Normal
Resources
Standard
Victory
Conquest
Starting age
Dark Age
Ending age
Imperial Age
RankedLock teamsTeams togetherTeam positionsShared explorationLock speedFull tech treeHidden civsTurbo modeCheats
Victory
Defeat
🇨🇳 Varangians · China
1556
+16
🇩🇪 Saracens · Germany
1495
+18
🇹🇷 Persians · Türkiye
1429
+21
🇨🇳 Vietnamese · China
1660
-23
🇨🇳 Mongols · China
1545
-18
🇭🇰 Magyars · Hong Kong SAR China
1429
-14
AboSouheib
11:12 Feudal Age
9:33 Loom
11:18 Feudal Age
15:31 Castle Age
13:18 Double-Bit Axe
13:38 Gold Mining
13:56 Fishing Lines
15:06 Scale Barding Armor
16:30 Bow Saw
17:52 Bloodlines
18:36 Horse Collar
22:50 Wheelbarrow
23:47 Hand Cart
25:37 Chain Barding Armor
26:45 Husbandry
27:40 Forging
32:16 Imperial Age
29:55 Fletching
30:42 Stone Mining
31:27 Gold Shaft Mining
31:07 Heavy Plow
32:40 Iron Casting
32:03 Cavalier
33:21 Plate Barding Armor
35:03 Two-Man Saw
34:16 Bodkin Arrow
34:59 Iron Casting
34:34 Savar
35:24 Bodkin Arrow
36:46 Blast Furnace
36:09 Herbal Medicine
37:12 Light Cavalry
39:03 Crop Rotation
39:10 Stone Shaft Mining
40:52 Town Watch
41:51 Conscription
42:37 Chemistry
42:14 Murder Holes
42:39 Ballistics
43:39 Heavy Camel Rider
47:18 Guilds
48:54 Masonry
dentist-44
7:32 Loom
10:18 Feudal Age
17:33 Castle Age
16:04 Horse Collar
19:13 Scale Barding Armor
19:19 Forging
19:12 Husbandry
19:02 Double-Bit Axe
19:59 Light Cavalry
21:12 Fletching
21:17 Elite Skirmisher
21:54 Bodkin Arrow
22:37 Padded Archer Armor
23:50 Bloodlines
24:37 Bow Saw
26:10 Medium Warships
26:34 Leather Archer Armor
26:49 Fishing Lines
30:18 Chain Barding Armor
31:45 Heavy Plow
33:25 Ballistics
37:03 Imperial Age
35:11 Wheelbarrow
35:32 Masonry
35:27 Fishing Lines
35:48 Gold Mining
36:01 Town Watch
37:48 Iron Casting
38:24 Plate Barding Armor
39:10 Two-Man Saw
37:35 Cavalier
38:49 Bracer
39:28 Ring Archer Armor
42:07 Iron Casting
44:15 Chemistry
42:40 Hussar
44:17 Stone Mining
46:48 Vendel Legacy
49:00 Blast Furnace
Long John Silver
7:22 Loom
9:29 Feudal Age
10:42 Double-Bit Axe
13:26 Fletching
19:31 Castle Age
18:25 Padded Archer Armor
20:14 Fishing Lines
20:11 Crossbowman
20:49 Gillnets
21:28 Bow Saw
24:11 Bodkin Arrow
24:43 Gold Mining
26:37 Ballistics
29:34 Thumb Ring
30:04 Town Watch
30:14 Horse Collar
39:52 Clinker Construction
41:19 Wheelbarrow
40:46 Town Patrol
41:21 Heavy Plow
41:57 Gold Shaft Mining
41:15 Stone Mining
47:00 Imperial Age
44:54 Hand Cart
48:39 Conscription
48:31 Counterweights
大平果是小菜鸡父亲
7:17 Loom
11:00 Feudal Age
11:48 Double-Bit Axe
12:00 Fishing Lines
13:49 Scale Barding Armor
17:31 Bloodlines
17:25 Horse Collar
22:51 Castle Age
21:17 Gold Mining
23:37 Wheelbarrow
22:54 Light Cavalry
23:56 Chain Barding Armor
23:38 Husbandry
24:02 Bow Saw
24:58 Heavy Plow
32:27 Hand Cart
39:39 Imperial Age
38:13 Gold Shaft Mining
38:50 Pikeman
39:31 Scale Mail Armor
39:44 Halberdier
40:41 Chain Mail Armor
45:04 Two-Man Saw
44:17 Cavalier
46:21 Crop Rotation
46:03 Arson
46:15 Hussar
渺小的菜鸟
3:34 Loom
10:46 Feudal Age
11:21 Double-Bit Axe
13:22 Padded Archer Armor
13:40 Fletching
15:47 Horse Collar
22:06 Castle Age
20:34 Gold Mining
22:08 Crossbowman
22:46 Bodkin Arrow
23:47 Ballistics
24:50 Thumb Ring
29:52 Wheelbarrow
29:36 Bow Saw
30:44 Leather Archer Armor
31:43 Heavy Plow
32:06 Hand Cart
32:47 Stone Mining
32:57 Town Watch
39:17 Imperial Age
37:37 Stone Shaft Mining
39:28 Chatras
39:03 Pikeman
39:44 Squires
39:44 Halberdier
41:23 Paper Money
43:54 Scale Mail Armor
45:11 Chain Mail Armor
45:15 Arson
45:42 Forging
46:46 Plate Mail Armor
47:43 Iron Casting
49:20 Chemistry
大山鸡
2:56 Loom
13:28 Feudal Age
14:56 Town Watch
18:40 Castle Age
16:55 Fletching
16:59 Fishing Lines
17:12 Double-Bit Axe
18:56 Padded Archer Armor
19:24 Bloodlines
19:22 Bodkin Arrow
20:00 Husbandry
26:39 Wheelbarrow
29:19 Imperial Age
27:33 Gold Mining
28:17 Ballistics
28:52 Leather Archer Armor
28:48 Bow Saw
29:13 Gold Shaft Mining
30:37 Thumb Ring
30:54 Bracer
30:33 Elite Mangudai
33:46 Chemistry
38:37 Parthian Tactics
39:34 Leather Archer Armor
41:22 Scale Barding Armor
41:28 Forging
Connection lost

Rejoining the realm…

Still unreachable

The connection could not be restored.

Session expired

The server has moved on; the page needs a fresh start.